AoeStats
← Eli

African Clearing

510664417Analyzed
4v4 RM · 21h ago on Oct 2, 2026· 31m 34s· 8 players
Game mode
Random Map
Map size
Large (8 player)
Population
200
Speed
Normal
Resources
Standard
Victory
Conquest
Starting age
Dark Age
Ending age
Imperial Age
RankedLock teamsTeams togetherTeam positionsShared explorationLock speedFull tech treeHidden civsTurbo modeCheats
Victory
Defeat
🇲🇽 Goths · Mexico
1852
+11
🇲🇽 Burmese · Mexico
1746
+15
🇲🇽 Gurjaras · Mexico
1723
+16
🇨🇴 Italians · Colombia
1618
+19
🇨🇳 Huns · China
1746
-16
🇷🇺 Armenians · Russia
1721
-15
🇨🇳 Wei · China
1708
-15
🇨🇳 Bulgarians · China
1705
-15
yyx
9:15 Loom
11:24 Feudal Age
12:03 Double-Bit Axe
11:58 Horse Collar
13:17 Town Watch
16:59 Wheelbarrow
18:13 Gold Mining
23:33 Castle Age
21:38 Stone Mining
23:18 Fletching
23:56 Padded Archer Armor
24:18 Bodkin Arrow
24:34 Bow Saw
24:53 Husbandry
25:04 Bloodlines
27:36 Ballistics
27:35 Heavy Plow
betterlh
4:20 Loom
13:47 Feudal Age
21:40 Castle Age
blurr
12:46 Feudal Age
14:07 Town Watch
14:46 Double-Bit Axe
17:22 Castle Age
18:17 Loom
19:36 Wheelbarrow
19:38 Bow Saw
22:40 Horse Collar
26:25 Gold Mining
27:45 Bloodlines
27:36 Husbandry
30:39 Imperial Age
28:19 Scale Barding Armor
28:53 Forging
29:48 Chain Barding Armor
30:10 Gold Shaft Mining
29:44 Stone Mining
30:50 Iron Casting
30:32 Heavy Plow
30:40 Cavalier
31:56 Plate Barding Armor
32:22 Stone Shaft Mining
Eli
12:14 Feudal Age
13:15 Double-Bit Axe
15:53 Castle Age
15:02 Loom
16:57 Town Watch
20:37 Wheelbarrow
21:25 Fletching
22:31 Horse Collar
KH | BooMBastic_
10:57 Loom
13:48 Feudal Age
17:45 Castle Age
16:03 Gold Mining
23:52 Horse Collar
24:42 Town Watch
25:37 Padded Archer Armor
29:14 Wheelbarrow
31:15 Fletching
hK | Anubis
10:03 Loom
12:38 Feudal Age
13:30 Double-Bit Axe
15:43 Forging
18:14 Scale Barding Armor
24:06 Castle Age
24:54 Bloodlines
25:37 Light Cavalry
hk | SeFirox
3:20 Loom
14:22 Feudal Age
18:10 Castle Age
16:12 Double-Bit Axe
16:07 Horse Collar
18:33 Wheelbarrow
20:24 Hand Cart
23:52 Bow Saw
23:47 Heavy Plow
28:04 Gold Mining
31:41 Imperial Age
30:22 Scale Mail Armor
30:49 Anarchy
31:23 Squires
31:34 Forging
31:19 Pikeman
31:54 Fletching
32:26 Ballistics
hK | Santo
3:58 Loom
12:22 Feudal Age
14:01 Double-Bit Axe
14:47 Fletching
23:04 Castle Age
22:49 Gold Mining
23:02 Padded Archer Armor
24:02 Bodkin Arrow
24:19 Thumb Ring
24:39 Bow Saw
26:15 Crossbowman
30:40 Ballistics
Connection lost

Rejoining the realm…

Still unreachable

The connection could not be restored.

Session expired

The server has moved on; the page needs a fresh start.